AoeStats
← Horizon

Arena

509917958Analyzed
2v2 RM · 4d ago on Sep 28, 2026· 45m 2s· 4 players
Game mode
Random Map
Map size
Medium (4 player)
Population
200
Speed
Normal
Resources
Standard
Victory
Conquest
Starting age
Dark Age
Ending age
Imperial Age
RankedLock teamsTeams togetherTeam positionsShared explorationLock speedFull tech treeHidden civsTurbo modeCheats
Victory
Defeat
🇬🇷 Vietnamese · Greece
835
+13
🇦🇷 Sicilians · Argentina
709
+18
🇦🇷 Bohemians · Argentina
811
-17
🇦🇷 Magyars · Argentina
715
-14
pato
25:08 Feudal Age
31:12 Feudal Age
Horizon
6:46 Loom
11:10 Feudal Age
12:05 Horse Collar
12:12 Double-Bit Axe
15:46 Wheelbarrow
18:50 Castle Age
17:41 Loom
23:29 Gold Mining
23:29 Stone Mining
24:31 Fletching
25:04 Ballistics
24:40 Murder Holes
27:33 Bow Saw
30:37 Imperial Age
28:18 Husbandry
30:39 Murder Holes
30:24 Treadmill Crane
30:56 Fortified Wall
30:49 Padded Archer Armor
31:30 Elite Rattan Archer
33:37 Hoardings
33:51 Bodkin Arrow
34:12 Leather Archer Armor
36:27 Chemistry
35:12 Arrowslits
35:38 Masonry
36:03 Bracer
36:34 Ring Archer Armor
37:10 Ring Archer Armor
36:37 Sappers
38:51 Paper Money
42:47 Paper Money
45:23 Scale Barding Armor
45:29 Forging
45:26 Siege Engineers
toxic-mushroom
11:00 Feudal Age
9:16 Loom
12:13 Double-Bit Axe
12:13 Horse Collar
18:48 Castle Age
18:21 Wheelbarrow
19:55 Heavy Plow
20:20 Bow Saw
20:10 Man-at-Arms
22:02 Scale Mail Armor
23:05 Forging
23:28 Squires
28:05 Long Swordsman
30:46 Masonry
34:25 Imperial Age
33:55 Ballistics
34:38 Chemistry
35:41 Elite Hussite Wagon
36:01 Pikeman
37:58 Elite Skirmisher
45:16 Padded Archer Armor
45:07 Fletching
muti
7:25 Loom
10:59 Feudal Age
11:59 Loom
38:31 Castle Age
37:15 Bloodlines
38:55 Light Cavalry
42:40 Fletching
44:39 Elite Skirmisher
Connection lost

Rejoining the realm…

Still unreachable

The connection could not be restored.

Session expired

The server has moved on; the page needs a fresh start.